 Dungeon Crawl Stone Soup version 0.19.4 (webtiles) character file.

3936 Jynx the Frost Mage (level 10, -6/63 HPs)
             Began as a Merfolk Ice Elementalist on Feb 5, 2017.
             Was an Initiate of Makhleb.
             Killed from afar by Erica (29 damage)
             ... with an orb of energy
             ... on level 8 of the Dungeon.
             The game lasted 00:19:51 (10208 turns).

Jynx the Frost Mage (Merfolk Ice Elementalist)     Turns: 10208, Time: 00:19:53

Health: -6/63      AC: 14    Str:  8    XL:     10   Next: 21%
Magic:  6/20       EV: 19    Int: 32    God:    Makhleb [......]
Gold:   248        SH:  0    Dex: 15    Spells: 3 memorised, 16 levels left

rFire  . . .     SeeInvis .     y - +1 dagger (speed)
rCold  x . .     Gourm    .     a - +0 robe
rNeg   + . .     Faith    .     (no shield)
rPois  .         Spirit   .     s - +0 helmet of the Loofah {rC- rN+ Int+8} (curse)
rElec  .         Reflect  .     (no cloak)
rCorr  .         Harm     .     (no gloves)
MR     .....                    w - +2 pair of boots {run}
Stlth  ++........               (no amulet)
                                E - +6 ring of intelligence
                                g - ring of flight

@: icy armour, slowed, very slow
A: change form in water, swift swim, stealthy swim
a: Renounce Religion, Evoke Flight


You were on level 8 of the Dungeon.
You worshipped Makhleb.
Makhleb was noncommittal.
You were hungry.

You visited 2 branches of the dungeon, and saw 9 of its levels.

You collected 521 gold pieces.
You spent 273 gold pieces at shops.

Inventory:

Hand Weapons
 y - a +1 dagger of speed (weapon)
Armour
 a - a +0 robe (worn)
 s - the cursed +0 helmet of the Loofah (worn) {rC- rN+ Int+8}
   (You found it on level 4 of the Dungeon)

   It affects your intelligence (+8).
   It makes you vulnerable to cold.
   It protects you from negative energy.
   It has a curse placed upon it.
 w - a +2 pair of boots of running (worn)
Jewellery
 g - a ring of flight (left hand)
 n - an uncursed amulet of faith
 E - a +6 ring of intelligence (right hand)
Wands
 h - a wand of enslavement (8/24)
 p - a wand of lightning (12/15)
 x - a wand of confusion (26/48)
Scrolls
 k - 2 scrolls of teleportation
 q - 4 scrolls of amnesia
 t - 2 scrolls of remove curse
 B - a scroll of magic mapping
Potions
 e - 3 potions of curing
 i - 2 potions of haste
 j - a potion of heal wounds {unknown}
 l - 3 potions of degeneration {unknown}
 m - 3 potions of flight {unknown}
 o - a potion of resistance {unknown}
 r - 2 potions of lignification {unknown}
 u - a potion of cancellation {unknown}
 v - 2 potions of agility {unknown}
 D - a potion of berserk rage {unknown}
Books
 b - a book of Frost

   Spells                             Type                      Level
   a - Freeze                         Ice                          1
   b - Throw Frost                    Conjuration/Ice              2
   c - Ozocubu's Armour               Charms/Ice                   3
   d - Throw Icicle                   Conjuration/Ice              4
   e - Summon Ice Beast               Ice/Summoning                4
 C - a book of Flames

   Spells                             Type                      Level
   a - Flame Tongue                   Conjuration/Fire             1
   b - Throw Flame                    Conjuration/Fire             2
   c - Conjure Flame                  Conjuration/Fire             3
   d - Inner Flame                    Hexes/Fire                   3
   e - Sticky Flame                   Conjuration/Fire             4
   f - Fireball                       Conjuration/Fire             5
Comestibles
 c - 5 bread rations
 d - 6 meat rations
 f - a slice of pizza
 z - 2 beef jerkies


   Skills:
 + Level 9.9 Dodging
 - Level 2.1 Stealth
 + Level 6.7 Spellcasting
 - Level 0.7 Conjurations
 * Level 11.5 Ice Magic


You had 16 spell levels left.
You knew the following spells:

 Your Spells              Type           Power        Failure   Level  Hunger
a - Freeze                Ice            ####         1%          1    None
b - Ozocubu's Armour      Chrm/Ice       #####...     1%          3    None
c - Throw Frost           Conj/Ice       ######       1%          2    None


Dungeon Overview and Level Annotations

Branches:
Dungeon (8/15)             Temple (1/1) D:6
   Lair: D:8-11

Altars:
Cheibriados
Dithmenos
Elyvilon
Fedhas
Gozag
Hepliaklqana
Kikubaaqudgha
Makhleb
Nemelex Xobeh
Okawaru
Qazlal
Ru
Sif Muna
Trog
Uskayaw
Vehumet
Xom
Yredelemnul
Zin
The Shining One

Shops:
D:4 %!:[

Annotations:
D:8 Erica


Message History

Erica barely misses you.
Casting: Freeze
Confirm with . or Enter, or press ? or * to list all spells.
Aiming: Freeze
Press: ? - help, Shift-Dir - straight line, f/p - Erica
Aim: Erica, wielding a scimitar of flaming and wearing a robe (severely wounded)
You freeze Erica.
Erica is severely wounded.
Erica gestures wildly while chanting.
Erica flickers and vanishes!
Deactivating autopickup; reactivate with Ctrl-A.
Something hits you. Something burns you. The heat melts your icy armour.
Casting: Freeze
Confirm with . or Enter, or press ? or * to list all spells.
Your icy armour thickens.
You hear some strange, mumbled words.
An orb of energy appears from out of thin air!
The orb of energy hits you!
You die...

. ..# .## ..... ...
.#.###.### ........
####.....####
#..+.........
#{##.....###
###@.........#
#....##....#.#
#....###...#.#
+....+.....#.#######
#....####..#.#......
+..........>..#.#####
##########...........
#.......####
#.......#


There were no monsters in sight!

Vanquished Creatures
  Pikel (D:5)
  A hornet (D:7)
  6 yaks
  Eustachio (D:4)
  Menkaure (D:6)
  An orc warrior (D:7)
  A sky beast (D:6)
  A slave (D:5)
  2 necrophages
  3 ogres
  A centaur (D:7)
  The ghost of sheala the Vexing, an amateur DEEn (D:4)
  5 bullfrogs
  A scorpion (D:7)
  2 howler monkeys (D:7)
  4 crimson imps
  3 bullfrog zombies
  4 hounds
  A centaur skeleton (D:5)
  Crazy Yiuf (D:4)
  A bullfrog skeleton (D:5)
  Natasha (thrice) (D:4)
  An iguana (D:7)
  4 orc wizards
  5 worker ants
  11 adders
  2 adder skeletons
  An adder zombie (D:6)
  A worm (D:2)
  3 dart slugs (D:3)
  2 leopard geckos
  14 orcs
  5 giant cockroaches
  12 goblins
  10 hobgoblins
  3 jackals (D:6)
  2 quokkas
  A ball python (D:6)
  8 bats
  5 frilled lizards
  10 kobolds
  6 rats
151 creatures vanquished.

Vanquished Creatures (others)
  A slave (D:5)
  An orc priest (D:3)
  An adder (D:5)
3 creatures vanquished.

Grand Total: 154 creatures vanquished

Notes
Turn   | Place    | Note
-------+----------+-------------------------------------------
     0 | D:1      | Jynx the Merfolk Ice Elementalist began the quest for the Orb.
     0 | D:1      | Reached XP level 1. HP: 13/13 MP: 3/3
   188 | D:1      | Reached XP level 2. HP: 19/19 MP: 3/5
   981 | D:2      | Reached skill level 4 in Ice Magic
  1042 | D:2      | Reached XP level 3. HP: 21/24 MP: 0/6
  1524 | D:2      | Found a bloodstained altar of Trog.
  1598 | D:2      | Learned a level 3 spell: Ozocubu's Armour
  1607 | D:2      | Reached XP level 4. HP: 30/30 MP: 4/7
  1925 | D:2      | Found an iron altar of Okawaru.
  2262 | D:3      | Found a hazy altar of Hepliaklqana.
  2290 | D:3      | Reached skill level 5 in Ice Magic
  2785 | D:3      | Reached XP level 5. HP: 35/35 MP: 5/8
  3663 | D:4      | Noticed Eustachio
  3674 | D:4      | Killed Eustachio
  3674 | D:4      | Reached skill level 6 in Ice Magic
  3674 | D:4      | Reached XP level 6. HP: 18/41 MP: 0/10
  3768 | D:4      | Noticed Natasha
  3775 | D:4      | Killed Natasha
  3882 | D:4      | Noticed sheala's ghost (amateur DEEn)
  3888 | D:4      | Noticed Natasha
  3897 | D:4      | Killed sheala's ghost
  3899 | D:4      | Killed Natasha
  3899 | D:4      | Reached skill level 5 in Dodging
  3925 | D:4      | Noticed Natasha
  3929 | D:4      | Killed Natasha
  3929 | D:4      | Reached XP level 7. HP: 27/46 MP: 5/12
  4057 | D:4      | Found Wemenk's Food Shoppe.
  4135 | D:4      | Found a runed door.
  4157 | D:4      | Noticed Crazy Yiuf
  4164 | D:4      | Killed Crazy Yiuf
  4273 | D:4      | Found Uryabror's Distillery.
  4282 | D:4      | Got an ichor-stained helmet
  4293 | D:4      | Identified the cursed +0 helmet of the Loofah {rC- rN+ Int+8} (You found it on level 4 of the Dungeon)
  4385 | D:4      | Found Xekhlam's Book Emporium.
  4483 | D:4      | Found a glowing silver altar of Zin.
  4517 | D:4      | Found Xuiw Camnopt's Antique Armour Emporium.
  4685 | D:5      | Entered Level 5 of the Dungeon
  4717 | D:5      | Noticed Pikel
  4752 | D:5      | Killed Pikel
  4752 | D:5      | Reached skill level 7 in Ice Magic
  4752 | D:5      | Reached XP level 8. HP: 16/52 MP: 1/14
  5049 | D:5      | Reached skill level 8 in Ice Magic
  5153 | D:4      | Bought a pair of embroidered boots for 273 gold pieces
  5158 | D:4      | Identified a +1 pair of boots of running (You bought it in a shop on level 4 of the Dungeon)
  6239 | D:6      | Found a staircase to the Ecumenical Temple.
  6253 | Temple   | Entered the Ecumenical Temple
  6383 | D:6      | Noticed Menkaure
  6398 | D:6      | Killed Menkaure
  6951 | D:6      | Reached skill level 5 in Spellcasting
  6951 | D:6      | Reached skill level 9 in Ice Magic
  7025 | D:6      | Found a sparkling altar of Nemelex Xobeh.
  7025 | D:6      | Found an opulent altar of Gozag.
  7026 | D:6      | Found a sacrificial altar of Ru.
  7026 | D:6      | Found a burning altar of Makhleb.
  7026 | D:6      | Found a white marble altar of Elyvilon.
  7099 | D:6      | Reached XP level 9. HP: 54/57 MP: 4/16
  7196 | D:6      | Became a worshipper of Makhleb the Destroyer
  7780 | D:7      | Found a large runed door.
  7780 | D:7      | Found a large runed door.
  7805 | D:7      | Reached skill level 10 in Ice Magic
  8132 | D:7      | Noticed a hornet
  8139 | D:7      | Paralysed by a hornet for 3 turns
  8143 | D:7      | Killed a hornet
  8356 | D:7      | Found a large runed door.
  8356 | D:7      | Found a large runed door.
  9335 | D:7      | Learned a level 2 spell: Throw Frost
  9337 | D:7      | Learned a level 1 spell: Flame Tongue
  9419 | D:8      | Reached skill level 11 in Ice Magic
  9463 | D:7      | Reached XP level 10. HP: 4/63 MP: 2/19
 10195 | D:8      | Noticed Erica
 10208 | D:8      | Killed from afar by Erica

Skill      XL: |  1  2  3  4  5  6  7  8  9 |
---------------+----------------------------+-----
Dodging        | 3 4 5 6 7 9 |  9.9
Ice Magic      | 4 5 6 7 9 11 | 11.5
Spellcasting   | 3 4 5 6 |  6.7
Stealth        | |  2.1
Conjurations   | |  0.7

Action                   |  1- 3 |  4- 6 |  7- 9 | 10-12 || total
-------------------------+-------+-------+-------+-------++-------
Melee: Unarmed           |     6 |       |       |       ||     6
       Short sword       |     4 |    44 |    68 |       ||   116
       Dagger            |       |       |    63 |    20 ||    83
 Cast: Freeze            |    55 |    71 |   203 |    50 ||   379
       Ozocubu's Armour  |       |     1 |    11 |     5 ||    17
  Use: Scroll            |     4 |     3 |     7 |       ||    14
       Potion            |       |     1 |     1 |       ||     2
 Stab: Distracted        |       |     1 |       |       ||     1
       Sleeping          |       |       |     3 |       ||     3
  Eat: Chunk             |     3 |     8 |    15 |     3 ||    29
Armor: Robe              |     9 |    14 |    51 |    10 ||    84
Dodge: Dodged            |    28 |    78 |   222 |    49 ||   377
